 Dungeon Crawl Stone Soup version 0.32-a0-473-gd044c6f0f0 (webtiles) character file.

Game seed: 11834773024008848963

33 BubbleThief the Cudgeller (level 3, -1/33 HPs)
             Began as a Mountain Dwarf Cinder Acolyte on Feb 25, 2024.
             Was a High Priest of Ignis.
             Slain by a jackal (2 damage)
             ... on level 1 of the Dungeon.
             The game lasted 00:01:28 (643 turns).

BubbleThief the Cudgeller (MDCA)                     Turns: 643, Time: 00:01:28

Health: -1/33      AC:  2    Str: 18    XL:     3   Next: 12%
Magic:  4/4        EV: 11    Int: 14    God:    Ignis [*****.]
Gold:   66         SH:  0    Dex:  5    Spells: 4/4 levels left

rFire   + . .        a - -1 mace (flame)
rCold   . . .        (no shield)
rNeg    . . .        b - +0 robe
rPois   .            (no helmet)
rElec   .            (no cloak)
rCorr   .            (no gloves)
SInv    .            (no boots)
Will    .....        (no amulet)
Stlth   +            (no ring)
HPRegen 0.25/turn    (no ring)
MPRegen 0.09/turn

%: no passive effects
@: no status effects
A: runic magic, artefact enchanting
a: Renounce Religion, Fiery Armour, Foxfire Swarm, Rising Flame


You were on level 1 of the Dungeon.
You worshipped Ignis.
Ignis was extremely pleased with you.
You visited 1 branch of the dungeon, and saw 1 of its levels.

You collected 66 gold pieces.

Inventory:

Hand Weapons
 a - a -1 mace of flaming (weapon)
Armour
 b - a +0 robe (worn)
Scrolls
 c - a scroll of vulnerability {unknown}
 d - a scroll of identify {unknown}
Potions
 e - a potion of attraction {unknown}


   Skills:
 + Level 3.8 Fighting
 + Level 4.2 Maces & Flails
 - Level 1.0 Spellcasting
 + Level 4.2 Fire Magic


You had 4 spell levels left.
You didn't know any spells.
Your spell library contained the following spells:

 Spells                   Type           Power      Damage    Failure   Level
 Scorch                   Fire           24%        2d6       7%          2


Dungeon Overview and Level Annotations

Branches:
Dungeon (1/15)

Altars:


Innate Abilities, Weirdness & Mutations

Your spellcasting is much less encumbered by armour.
You can use scrolls of enchantment on lesser artefacts.


Message History

You closely miss the jackal. The jackal bites you. x2
Unknown command.
You closely miss the jackal. The jackal barely misses you.
The jackal bites you. The jackal barely misses you.
The jackal bites you but does no damage.
The jackal bites you.
You are too injured to fight recklessly!
Unknown command.
Unknown command.
You sock the jackal! You burn the jackal.
You kill the jackal!
The jackal bites you. The jackal barely misses you. x2
The jackal closely misses you.
Unknown command.
You see here a jackal corpse.
You closely miss the jackal. The jackal bites you.
The jackal closely misses you.
You hit the jackal. You burn the jackal.
The jackal is heavily wounded.
The jackal misses you. The jackal bites you.
* * * LOW HITPOINT WARNING * * *
You closely miss the jackal.
The jackal is heavily wounded.
The jackal bites you.
* * * LOW HITPOINT WARNING * * *
You hit the jackal. You burn the jackal.
You kill the jackal!
The jackal bites you.
* * * LOW HITPOINT WARNING * * *
You closely miss the jackal. The jackal bites you.
* * * LOW HITPOINT WARNING * * *
The jackal bites you.
* * * LOW HITPOINT WARNING * * *
You closely miss the jackal. The jackal bites you.
* * * LOW HITPOINT WARNING * * *
You hit the jackal but do no damage.
The jackal bites you but does no damage. x2
You barely miss the jackal. The jackal bites you.
You die...
Ignis goes out, and joins you in death.

..##~≈#.....)...........#
....~≈#..####...........#
.....≈#..# #...........#
~.....~..# ............#
.~.......# ##..........#
.~.......######.....h†..#
.~...............#......#
~.....~...####.#h##.....###
.....~#.....[..#@##.......#
....~~#.......##..#.#...#.####
...~≈≈#..####.###.......#....#
#.≈≈#~#..####..###......##...#
######..........##......##...#
.......#######..........##...#
......†# ####.......##...#
.......# ##.........##...#
.......#######..##.......#...#


You could see a jackal.

Vanquished Creatures
  A gnoll (D:1)
  An endoplasm (D:1)
  A giant cockroach (D:1)
  4 hobgoblins (D:1)
  3 jackals (D:1)
  A quokka (D:1)
  3 ball pythons (D:1)
  A frilled lizard (D:1)
  4 goblins (D:1)
  A kobold (D:1)
  2 rats (D:1)
22 creatures vanquished.

Notes
Turn   | Place    | Note
-------+----------+-------------------------------------------
     0 | D:1      | BubbleThief the Mountain Dwarf Cinder Acolyte began the
                  | quest for the Orb.
     0 | D:1      | Reached XP level 1. HP: 19/19 MP: 2/2
    19 | D:1      | Found a faded altar of an unknown god.
   193 | D:1      | Reached XP level 2. HP: 13/26 MP: 3/3
   460 | D:1      | Reached XP level 3. HP: 3/33 MP: 4/4
   462 | D:1      | HP: 1/33 [jackal (1)]
   641 | D:1      | HP: 1/33 [jackal (2)]
   643 | D:1      | Slain by a jackal

Illustrated notes

Levels and vault maps discovered:
D:1:      enne_arrival_octagon_isle, layout_rooms,
          ebering_ecumenical_altar_abandoned

Skill      XL: |  1 |
---------------+----+-----
Maces & Flails | 4 |  4.2
Fire Magic     | 4 |  4.2
Fighting       | |  3.8
Spellcasting   | |  1.0

Action                     || total
---------------------------++-------
  Melee: Mace              ||    80
 Invoke: Fiery Armour      ||     1
 Armour: Robe              ||    74
  Dodge: Dodged            ||    54

Table legend: (Time is in decaauts)
 A = Elapsed time spent in this place.
 B = Non-inter-level travel time spent in this place.
 C = Inter-level travel time spent in this place.
 D = Time resting spent in this place.
 E = Time spent auto-exploring this place.
 F = Levels seen in this place.
 G = Mean time per level.
                   A        B        C        D        E       F      G
               +--------+--------+--------+--------+--------+-----+--------+
         Total |    659 |    659 |      0 |      0 |    493 |   1 |  659.0 |
       Dungeon |    659 |    659 |      0 |      0 |    493 |   1 |  659.0 |
               +--------+--------+--------+--------+--------+-----+--------+

Top non-repeatable levels by time:
     D:1: 659 daAuts
